 Dungeon Crawl Stone Soup version 0.21.1-1-g345015f (webtiles) character file.

221 suicidejoker the Shield-Bearer (level 5, -1/60 HPs)
             Began as a Demigod Fighter on May 5, 2018.
             Slain by a worker ant (5 damage)
             ... on level 3 of the Dungeon.
             The game lasted 00:03:06 (3238 turns).

suicidejoker the Shield-Bearer (Demigod Fighter)    Turns: 3238, Time: 00:03:07

Health: -1/60      AC: 22    Str: 19    XL:     5   Next: 37%
Magic:  7/7        EV:  2    Int: 12    God:
Gold:   115        SH:  0    Dex: 17    Spells: 4/4 levels left

rFire    . . .     SeeInvis .   a - +0 long sword
rCold    . . .     Gourm    .   c - +0 shield
rNeg     + + +     Faith    .   (armour currently unavailable)
rPois    +         Spirit   .   (helmet currently unavailable)
rElec    .         Reflect  .   (cloak currently unavailable)
rCorr    .         Harm     .   (gloves currently unavailable)
MR       .....     Rnd*Rage +   (boots currently unavailable) Stlth +.........NoTele +
                                (no amulet)
HPRegen  0.20/turn              (no ring)
MPRegen  0.10/turn              (no ring)

@: confused, lethally poisoned (-1 -> -3), tree-form, very slow
A: berserk 1, frail 1, high mp 1, evolution 1
a: no special abilities


You were on level 3 of the Dungeon.
You were very hungry.
You were a tree.
You visited 1 branch of the dungeon, and saw 3 of its levels.

You collected 115 gold pieces.

Inventory:

Hand Weapons
 a - a +0 long sword (weapon)
Armour
 b - a +0 scale mail (melded)
 c - a +0 shield (worn)
Jewellery
 j - an uncursed ring of wizardry {unknown}
 r - a +3 amulet of reflection {unknown}
Wands
 l - a wand of acid (3)
Scrolls
 e - 3 scrolls of remove curse {unknown}
 g - 2 scrolls of magic mapping {unknown}
 h - a scroll of amnesia {unknown}
 i - a scroll of identify {unknown}
 o - a scroll of immolation {unknown}
 p - a scroll of enchant weapon {unknown}
Potions
 d - a potion of might
 q - a potion of haste {unknown}
Comestibles
 f - 6 rations


   Skills:
 + Level 3.5 Fighting
 + Level 2.7 Long Blades
 + Level 3.5 Armour
 + Level 2.1 Dodging
 + Level 3.5 Shields


You had 4 spell levels left.
You didn't know any spells.

Dungeon Overview and Level Annotations

Branches:
Dungeon (3/15)


Innate Abilities, Weirdness & Mutations

You have an increased reservoir of magic. (+10% MP)
You tend to lose your temper in combat.
((You can translocate small distances at will.))
You are frail. (-10% HP)
You evolve.


Message History

You block the kobold's attack.
The worker ant bites you but does no damage.
The kobold completely misses you.
It was a potion of mutation.
You feel extremely strange.
You feel frail.
You feel jittery.
You feel a little pissed off.
You feel nature experimenting on you.
Don't worry, failures die fast.
The worker ant bites you.
* * * LOW HITPOINT WARNING * * *
The kobold hits you but does no damage.
It was a potion of ambrosia.
You are confused.
You feel invigorated.
You feel sick.
The worker ant waves its antennae.
The worker ant bites you.
* * * LOW HITPOINT WARNING * * *
The kobold hits you but does no damage.
It was a potion of lignification.
You turn into a tree.
Your +0 scale mail melds into your body.
Your roots penetrate the ground.
The worker ant bites you.
You die...

#.......#.....##
#..#.####
#............## # .#
####.# #.......#.####
!#..≈ #.#
#.......#...# ≈##.⌠≈
#.# #.......#####
≈.#.≈. #.#
#.......#########.( #
#.#
#.......##..#≈.#.#..≈
##.#
#.......##..#.a#⌠#≈#≈
#..#
#######'##.((♣K≈..≈..
#..#
#....(.(###.#.⌠#≈.
#..# #.....#.#
≈⌠....≈ #..#
#.....#..# #..≈#⌠≈
#..# #.......##
.#.... #..# #.......#
#≈≈#⌠≈ #..# #.......#
#.. ≈ ##.# #.......#
..≈ #.# ####....#
#####.#


You could see a worker ant and a kobold.

Vanquished Creatures
  An orc wizard (D:3)
  Jessica (D:2)
  Terence (D:2)
  5 adders
  4 worms
  2 dart slugs
  2 leopard geckos
  3 orcs (D:3)
  A ball python (D:3)
  6 giant cockroaches
  6 goblins
  14 hobgoblins
  2 jackals (D:1)
  A quokka (D:3)
  9 bats
  3 frilled lizards
  10 kobolds
  5 rats
76 creatures vanquished.

Notes
Turn   | Place    | Note
-------+----------+-------------------------------------------
     0 | D:1      | suicidejoker the Demigod Fighter began the quest for the Orb.
     0 | D:1      | Reached XP level 1. HP: 18/18 MP: 3/3
   125 | D:1      | Reached XP level 2. HP: 12/25 MP: 4/4
  1129 | D:2      | Reached skill level 1 in Dodging
  1129 | D:2      | Reached XP level 3. HP: 26/30 MP: 5/5
  1626 | D:2      | Reached XP level 4. HP: 36/38 MP: 6/6
  1670 | D:2      | Noticed Terence
  1690 | D:2      | Killed Terence
  1884 | D:2      | Noticed Jessica
  1888 | D:2      | Killed Jessica
  2292 | D:3      | Reached XP level 5. HP: 42/45 MP: 7/7
  3236 | D:3      | Gained mutation: You are frail. (-10% HP) [potion of mutation]
  3236 | D:3      | Gained mutation: You can translocate small distances at will. [potion of mutation]
  3236 | D:3      | Gained mutation: You tend to lose your temper in combat. [potion of mutation]
  3236 | D:3      | Gained mutation: You evolve. [potion of mutation]
  3237 | D:3      | HP: 1/40 [worker ant (6)]
  3238 | D:3      | Slain by a worker ant

Skill      XL: |  1  2  3  4  5 |
---------------+----------------+-----
Long Blades    | 2 |  2.7
Shields        | 3 |  3.5
Dodging        | 1 2 |  2.1
Fighting       | 3 |  3.5
Armour         | 3 |  3.5

Action                   |  1- 3 |  4- 6 || total
-------------------------+-------+-------++-------
Melee: Long sword        |   164 |   132 ||   296
  Use: Potion            |       |     3 ||     3
  Eat: Chunk             |     2 |     5 ||     7
Armor: Scale mail        |    75 |    48 ||   123
Dodge: Dodged            |    69 |    47 ||   116
Block: Shield            |    98 |    72 ||   170
       Rpst.: Long sword |    24 |    19 ||    43
